 Seeded DCSS version 0.29-a0-717-g6dac4ea423 (webtiles) character file.

Game seed: 8753445245404521554 (custom seed)

61992 Patoropollo the Warrior (level 14, -7/137 HPs)
             Began as a Minotaur Fighter on June 27, 2022.
             Was an Initiate of Gozag.
             Mangled by a hell beast (10 damage)
             ... on level 6 of the Lair of Beasts.
             The game lasted 00:36:35 (16222 turns).

Patoropollo the Warrior (Minotaur Fighter)         Turns: 16222, Time: 00:36:37

Health: -7/137     AC: 18    Str: 26    XL:     14   Next: 62%
Magic:  13/13      EV: 10    Int:  5    God:    Gozag
Gold:   5676       SH:  8    Dex: 12    Spells: 13/13 levels left

rFire   + . .      SeeInvis +   z - +10 flail of the Beast {freeze, +Blink rElec rF+ Dex+2}
rCold   + . .      Faith    .   c - +0 buckler
rNeg    . . .      Spirit   .   H - +2 scale mail {Will+}
rPois   .          Reflect  .   (helmet restricted)
rElec   +          Harm     .   B - +2 cloak
rCorr   .          Rampage  .   (no gloves)
Will    ++...                   A - +1 pair of boots
Stlth   ..........              o - amulet of regeneration
HPRegen 1.12/turn               p - ring of see invisible
MPRegen 0.13/turn               x - ring of protection from cold

@: about to teleport, gold aura
A: horns 2, retaliatory headbutt
a: Renounce Religion, Evoke Blink, Potion Petition, Call Merchant, Bribe Branch


You were on level 6 of the Lair of Beasts.
You worshipped Gozag.
Gozag was greatly pleased with you.
You visited 3 branches of the dungeon, and saw 19 of its levels.

You collected 5732 gold pieces.
You paid 56 gold pieces to Gozag.

Inventory:

Hand Weapons
 z - the +10 flail of the Beast (weapon) {freeze, +Blink rElec rF+ Dex+2}
   (You took it off a hobgoblin on level 4 of the Dungeon)

   It freezes those it strikes, dealing additional cold damage.
   It can also slow down cold-blooded creatures.
   Dex:       It affects your dexterity (+2).
   rF:        It protects you from fire.
   rElec:     It insulates you from electricity.
   +Blink:    It lets you blink.
Missiles
 I - a throwing net (quivered)
Armour
 c - a +0 buckler (worn)
 A - a +1 pair of boots (worn)
 B - a +2 cloak (worn)
 H - a +2 scale mail of willpower (worn)
Jewellery
 o - an amulet of regeneration (around neck)
 p - a ring of see invisible (left hand)
 w - a ring of wizardry
 x - a ring of protection from cold (right hand)
 y - an amulet of guardian spirit
 D - a ring of wizardry
 M - a ring of magical power
Wands
 b - a wand of flame (11)
 m - a wand of quicksilver (11)
 q - a wand of digging (2)
 v - a wand of iceblast (8)
Scrolls
 e - 5 scrolls of identify
 g - 3 scrolls of fear
 j - 2 scrolls of immolation
 l - a scroll of fog
 n - 4 scrolls of enchant weapon
 s - 3 scrolls of vulnerability
 u - 3 scrolls of blinking
 L - a scroll of amnesia
Potions
 a - 3 potions of flight
 d - 5 potions of might
 f - 3 potions of brilliance
 h - 10 potions of curing
 i - 3 potions of lignification
 k - 7 potions of heal wounds
 r - 2 potions of haste
 t - 4 potions of attraction
 C - a potion of magic
 E - 4 potions of degeneration
 F - 2 potions of mutation
 J - 11 potions of ambrosia
 K - a potion of resistance
 N - a potion of berserk rage


   Skills:
 + Level 16.0 Fighting
 + Level 15.7 Maces & Flails
 + Level 15.9 Armour
 + Level 15.9 Shields


You had 13 spell levels left.
You didn't know any spells.
Your spell library contained the following spells:

 Spells                   Type           Power      Damage    Failure   Level
 Ensorcelled Hibernation  Hex/Ice        0%         N/A       85%         2
 Dazzling Flash           Conj/Hex       0%         N/A       97%         3
 Frozen Ramparts          Ice            0%         1d2       97%         3
 Spider Form              Tmut/Pois      0%         N/A       97%         3
 Anguish                  Hex/Necr       0%         N/A       100%        4
 Ice Form                 Ice/Tmut       0%         N/A       100%        4
 Summon Ice Beast         Ice/Summ       0%         N/A       100%        4
 Summon Lightning Spire   Summ/Air       0%         N/A       100%        4
 Agony                    Necr           0%         N/A       100%        5
 Silence                  Hex/Air        0%         N/A       100%        5
 Storm Form               Tmut/Air       0%         N/A       100%        7
 Maxwell's Capacitive Co  Air            0%         ∞         100%        8


Dungeon Overview and Level Annotations

Branches:
Dungeon (12/15)            Temple (1/1) D:4            Lair (6/6) D:9
 Shoals (0/4) Lair:4       Spider (0/4) Lair:4        Slime (0/5) Lair:5
    Orc (0/2) D:11

Altars:
Ashenzari
Cheibriados
Dithmenos
Elyvilon
Fedhas
Gozag
Hepliaklqana
Kikubaaqudgha
Makhleb
Nemelex Xobeh
Okawaru
Qazlal
Ru
Sif Muna
Trog
Uskayaw
Vehumet
Wu Jian
Xom
Yredelemnul
Zin
The Shining One
Jiyva

Shops:
D:1 (   D:4 *[*(

Annotations:
Lair:1 2 transporters, Puggon's ghost, journeyman TeAE


Innate Abilities, Weirdness & Mutations

You have a pair of horns on your head.
You reflexively headbutt those who attack you in melee.


Message History

* * * LOW HITPOINT WARNING * * *
The hell beast tramples you!
* * * LOW HITPOINT WARNING * * *
You stumble backwards!
You feel sick.
You are no longer poisoned.
The hell beast attacks as you move away!
You block the hell beast's attack. The hell beast barely misses you.
The hell beast screeches, "Give up, thou simpering beef-witted slabber!"
The hell beast bites you!
* * * LOW HITPOINT WARNING * * *
The hell beast closely misses you.
There is an open door, spattered with blood here.
As you read the scroll of teleportation, it crumbles to dust.
You feel strangely unstable.
Your attacks no longer feel as feeble.
The hell beast bites you but does no damage.
The hell beast barely misses you. The hell hound barely misses you.
The hell beast attacks as you move away!
The hell beast bites you!
* * * LOW HITPOINT WARNING * * *
You block the hell beast's attack.
The hell beast bites you but does no damage.
The hell beast tramples you but does no damage.
You barely miss the hell beast. You headbutt the hell beast.
The hell beast is lightly wounded.
The hell beast closely misses you. The hell beast barely misses you.
You thump the hell beast! You freeze the hell beast.
Your headbutt misses the hell beast.
The hell beast is moderately wounded.
You block the hell beast's attack. The hell beast tramples you.
* * * LOW HITPOINT WARNING * * *
You stumble backwards!
You bludgeon the hell beast!! You freeze the hell beast!
You headbutt the hell beast, but do no damage.
The hell beast is severely wounded.
The hell beast bites you but does no damage.
The hell beast tramples you!
You die...
Your body crumbles into a pile of gold.

≈≈§ ≈§§§#############
≈≈4....#........#
......$#..8)8...#
.._....$.$.#.8..#
..4....#..#.8...#
.......#...8.#..#
###############..8.#...#
#...........@2h...8.8..#
#....8....8...#........#
#.............#########+♣♣♣♣♣
#######''###### ♣♣♣P♣♣.♣
♣.....♣ ♣♣♣....... ♣♣..♣♣♣
♣♣♣....♣♣♣.. ♣♣..♣♣♣
♣♣...♣♣♣♣ ♣♣♣ ♣♣♣..♣♣♣♣♣...♣♣
♣♣♣..♣♣..♣♣♣


You could see a hell beast and a hell hound.

Vanquished Creatures
  A dire elephant (Lair:6)
  6 hydras
  A catoblepas (Lair:3)
  A two-headed ogre (D:10)
  9 death yaks
  Urug (Lair:2)
  Lodul (D:9)
  A wizard (Lair:6)
  A deep elf pyromancer (D:12)
  An ugly thing (D:11)
  A manticore (D:11)
  Joseph (D:8)
  4 black mambas
  15 elephants
  A torpor snail (Lair:5)
  Maggie (D:10)
  An orange demon (Lair:6)
  16 cane toads
  4 kobold demonologists (D:12)
  4 rime drakes
  Psyche (D:11)
  10 komodo dragons
  An ice devil (Lair:6)
  2 trolls
  A queen bee (Lair:1)
  29 blink frogs
  3 slime creatures
  A polar bear (Lair:6)
  Prince Ribbit (D:8)
  8 dream sheep
  A hornet (D:9)
  A culicivora (Lair:4)
  2 shadows
  2 wraiths
  5 wyverns
  71 yaks
  2 steam dragons (D:7)
  Grum (D:8)
  3 vampire mosquitoes
  A basilisk (Lair:3)
  An acid dragon (D:11)
  18 water moccasins
  Duvessa (D:7)
  2 hell hounds (Lair:6)
  An ice beast (D:5)
  2 orc warriors
  A sky beast (D:6)
  5 black bears
  9 ogres
  10 wolves
  11 centaurs
  2 phantoms (D:5)
  5 kobold brigands
  Blork the orc (D:5)
  11 bullfrogs
  A gnoll sergeant (D:5)
  2 necrophages
  A scorpion (D:7)
  10 wights
  Dowan (D:7)
  29 killer bees
  An electric eel (Lair:1)
  3 howler monkeys
  4 hounds
  3 jellies
  An orc priest (D:9)
  Crazy Yiuf (D:4)
  3 gnoll shamans
  8 orc wizards
  4 iguanas (D:5)
  6 hell rats (Lair:1)
  A statue (D:11)
  16 adders
  20 gnolls
  4 river rats (Lair:1)
  5 shadow imps
  2 ufetubi
  2 worms (D:2)
  3 dart slugs
  24 orcs
  6 ball pythons
  7 endoplasms
  2 giant cockroaches
  9 hobgoblins
  6 jackals
  3 quokkas
  14 bats
  3 frilled lizards
  8 goblins
  28 kobolds
  6 rats
  A bush (D:5)
545 creatures vanquished.

Vanquished Creatures (others)
  24 fungi
  28 plants
52 creatures vanquished.

Grand Total: 597 creatures vanquished

Notes
Turn   | Place    | Note
-------+----------+-------------------------------------------
     0 | D:1      | Patoropollo the Minotaur Fighter began the quest for the
                  | Orb.
     0 | D:1      | Reached XP level 1. HP: 19/19 MP: 0/0
   104 | D:1      | Reached XP level 2. HP: 21/27 MP: 1/1
   260 | D:1      | Found a faded altar of an unknown god.
   298 | D:1      | Reached skill level 4 in Fighting
   395 | D:1      | Found Rietwei's Antique Weapon Boutique.
   562 | D:1      | Reached XP level 3. HP: 33/33 MP: 2/2
  1064 | D:2      | Reached XP level 4. HP: 40/40 MP: 3/3
  1660 | D:2      | Found a basalt altar of Yredelemnul.
  2018 | D:3      | You fall into a shaft and drop 2 floors!
  2018 | D:5      | Entered Level 5 of the Dungeon
  2054 | D:5      | Noticed a phantom
  2057 | D:5      | Noticed an ice beast
  2074 | D:5      | Killed a phantom
  2075 | D:5      | Reached XP level 5. HP: 37/47 MP: 4/4
  2080 | D:5      | Killed an ice beast
  2081 | D:5      | Reached skill level 5 in Fighting
  2081 | D:5      | Reached skill level 5 in Armour
  2081 | D:5      | Reached skill level 5 in Shields
  2081 | D:5      | Reached XP level 6. HP: 36/56 MP: 5/5
  2206 | D:5      | Reached skill level 5 in Maces & Flails
  2219 | D:5      | Reached XP level 7. HP: 51/61 MP: 6/6
  2353 | D:4      | Reached skill level 6 in Fighting
  2371 | D:4      | Found Uppiel's Weapon Shop.
  2442 | D:4      | Found Osemuemu's General Store.
  2465 | D:4      | Found Lazxe's Armour Shop.
  2658 | D:3      | Found an ornate altar of the Wu Jian Council.
  2808 | D:4      | Found a runed translucent door.
  2809 | D:4      | Noticed Crazy Yiuf
  2905 | D:4      | Identified the +10 flail of the Beast {freeze, +Blink rElec
                  | rF+ Dex+2}
  2942 | D:4      | Found a staircase to the Ecumenical Temple.
  2966 | Temple   | Entered the Ecumenical Temple
  3272 | Temple   | Became a worshipper of Gozag Ym Sagoz the Greedy
  3440 | D:4      | Found Keethrifi's Assorted Antiques.
  3552 | D:4      | Killed Crazy Yiuf
  3720 | D:5      | Reached XP level 8. HP: 71/71 MP: 7/7
  3868 | D:5      | Reached skill level 7 in Fighting
  4035 | D:5      | Noticed Blork the orc
  4039 | D:5      | Killed Blork the orc
  4136 | D:5      | Found an iron altar of Okawaru.
  4356 | D:6      | Found a glowing golden altar of the Shining One.
  4578 | D:6      | Found a broken altar of Ashenzari.
  5028 | D:6      | Reached XP level 9. HP: 76/81 MP: 8/8
  5131 | D:7      | Noticed Duvessa
  5139 | D:7      | Killed Duvessa
  5140 | D:7      | Reached skill level 8 in Fighting
  5143 | D:7      | Noticed Dowan
  5146 | D:7      | Killed Dowan
  5754 | D:7      | Reached skill level 9 in Fighting
  6070 | D:8      | Noticed a troll
  6070 | D:8      | Noticed a meliai
  6070 | D:8      | Noticed a centaur warrior
  6070 | D:8      | Noticed a rakshasa
  6079 | D:8      | Noticed a manticore
  6079 | D:8      | Noticed a five-headed hydra
  6080 | D:8      | Noticed a centaur warrior
  6082 | D:8      | Noticed a fire crab
  6147 | D:8      | Noticed Grum
  6160 | D:8      | Reached XP level 10. HP: 64/91 MP: 9/9
  6169 | D:8      | Killed Grum
  6246 | D:8      | Noticed Prince Ribbit
  6250 | D:8      | Killed Prince Ribbit
  6336 | D:8      | Reached skill level 10 in Armour
  6336 | D:8      | Reached skill level 10 in Shields
  6343 | D:8      | Reached skill level 10 in Fighting
  6483 | D:8      | Noticed a shining eye
  6601 | D:8      | Noticed Joseph
  6614 | D:8      | Killed Joseph
  6737 | D:8      | Noticed an anaconda
  6747 | D:8      | Noticed a faun
  6758 | D:8      | Noticed a wolf spider
  6758 | D:8      | an anaconda changed into a wolf spider
  6884 | D:9      | Reached skill level 10 in Maces & Flails
  7055 | D:9      | Found a staircase to the Lair.
  7298 | D:9      | Reached XP level 11. HP: 101/101 MP: 10/10
  7422 | D:10     | Entered Level 10 of the Dungeon
  7422 | D:10     | Noticed Lodul
  7436 | D:9      | Killed Lodul
  7437 | D:9      | Reached skill level 11 in Fighting
  7903 | D:10     | Found a sparkling altar of Nemelex Xobeh.
  8052 | D:10     | Noticed Maggie
  8057 | D:10     | Killed Maggie
  8190 | D:10     | Noticed a two-headed ogre
  8199 | D:10     | Killed a two-headed ogre
  8461 | D:11     | Identified the +3 long sword "Niciel" {pain, Str+2}
  8571 | D:11     | Found a staircase to the Orcish Mines.
  8587 | D:11     | Found a radiant altar of Vehumet.
  8743 | D:11     | Reached skill level 12 in Fighting
  8982 | D:11     | Noticed a cyan ugly thing
  8989 | D:11     | Killed a cyan ugly thing
  9022 | D:11     | Noticed Psyche
  9033 | D:11     | Killed Psyche
  9038 | D:11     | Reached XP level 12. HP: 65/112 MP: 11/11
  9906 | Lair:1   | Entered Level 1 of the Lair of Beasts
 10025 | Lair:1   | Noticed a boulder beetle
 10028 | Lair:1   | Noticed a four-headed hydra
 10030 | Lair:1   | Noticed Puggon's ghost (journeyman TeAE)
 10040 | Lair:1   | Found a transporter.
 10052 | Lair:1   | Found a transporter.
 10156 | Lair:1   | Reached skill level 13 in Fighting
 10720 | Lair:1   | Identified the +1 robe "Turia" {rC+}
 11047 | Lair:2   | Noticed Urug
 11069 | Lair:2   | Killed Urug
 11859 | Lair:3   | Noticed a death yak
 11859 | Lair:3   | Noticed a death yak
 11860 | Lair:3   | Noticed a death yak
 11860 | Lair:3   | Noticed a death yak
 11870 | Lair:3   | Killed a death yak
 11871 | Lair:3   | Noticed a catoblepas
 11872 | Lair:3   | Noticed a four-headed hydra
 11889 | Lair:3   | Killed a four-headed hydra
 11910 | Lair:3   | Killed a catoblepas
 11911 | Lair:3   | Reached XP level 13. HP: 60/123 MP: 12/12
 12071 | Lair:3   | HP: 6/123 [poisoned by a cane toad]
 12076 | Lair:3   | HP: 5/123 [poisoned by a cane toad]
 12354 | Lair:3   | Reached skill level 14 in Fighting
 13173 | Lair:4   | Found a hole to the Spider Nest.
 13395 | Lair:4   | Found a staircase to the Shoals.
 13826 | Lair:4   | HP: 6/125 [poisoned by a cane toad]
 14368 | Lair:5   | Reached skill level 15 in Fighting
 14464 | Lair:5   | Found a viscous altar of Jiyva.
 14465 | Lair:5   | Found a staircase to the Slime Pits.
 14473 | Lair:5   | Reached skill level 15 in Armour
 14475 | Lair:5   | Reached skill level 15 in Shields
 14605 | Lair:5   | Reached XP level 14. HP: 98/135 MP: 13/13
 14859 | Lair:5   | Reached skill level 15 in Maces & Flails
 15192 | Lair:6   | Entered Level 6 of the Lair of Beasts
 16194 | Lair:6   | Found a burning altar of Makhleb.
 16214 | Lair:6   | Reached skill level 16 in Fighting
 16219 | Lair:6   | HP: 3/137 [hell beast (12)]
 16222 | Lair:6   | Mangled by a hell beast

Illustrated notes

Levels and vault maps discovered:
D:1:      sevenhm_arrival_forest_fort_small_4, layout_basic,
          shapermc_ecumenical_altar_mp_highgroup, serial_shops,
          nicolae_shop_waterfront, minmay_misc_feat_tiny, minmay_three_crescents
D:2:      layout_basic, basic_altar, nrook_mini_vaults, minmay_pentomino_w4
D:3:      layout_rooms, lemuel_coloured_pillars_altar, amcnicky_mini_pool_small
D:4:      layout_cave_pools, minmay_temple_entry_sparse_star, serial_shops,
          shop, shop, nicolae_diamond_shop, shop, item_on_display_a,
          uniq_crazy_yiuf_cottage
D:5:      minmay_diamond_boxcup, layout_loops_cross, okawaru_trees_1,
          minmay_hedge_maze, lemuel_old_faithful, uniq_blork_the_orc
D:6:      layout_cave_pods, overflow_temple_1_default, ashenzari_altar_1
D:7:      layout_loops_cross, uniq_duvessa
D:8:      layout_gridville, minivault_12, uniq_grum, uniq_prince_ribbit1,
          uniq_joseph
D:9:      layout_basic, david_lair_shrubbed
D:10:     layout_irregular_city, amcnicky_altar_gilded, serial_column_ruins,
          column_ruins_square_medium, column_ruins_columns_straight,
          column_ruins_grid_1, column_ruins_open_tiny,
          column_ruins_columns_corner, column_ruins_grid_1, roderic_batcave,
          billiards_dpeg, uniq_maggie, uniq_lodul
D:11:     layout_roguey, orc_0_dummy, vehumet_statue, uniq_psyche
D:12:     layout_loops_ring
Temple:   minmay_temple_bridge_d
Lair:1:   layout_roguey, gammafunk_ghost_arena, special_room [special_room_bee],
          kennysheep_abandoned_house, serial_bayou_shore_a,
          infiniplex_staircase_pool_2
Lair:2:   layout_gridlike, lemuel_fruit_fields, grunt_megastairs_4, uniq_urug
Lair:3:   layout_small_grid, grunt_megastairs_5
Lair:4:   layout_regular_city, shoals_dummy_entry, spider_nest_entry_rubble,
          lemuel_fruit_fields
Lair:5:   layout_loops_ring, minmay_slime_entry_pillars, enter_volcano_2
Lair:6:   evil_forest, layout_hall_layers

Skill      XL: |  1  2  3  4  5  6  7  8  9 10 11 12 13 14 |
---------------+-------------------------------------------+-----
Shields        | 4 5 6 8 9 10 12 13 15 | 15.9
Fighting       | 4 5 6 7 9 10 12 13 15 16 | 16.0
Maces & Flails | 3 4 5 6 7 9 10 12 13 14 15 | 15.7
Armour         | 4 5 6 7 9 10 12 13 15 | 15.9

Action                   |  1- 3 |  4- 6 |  7- 9 | 10-12 | 13-15 || total
-------------------------+-------+-------+-------+-------+-------++-------
Melee: Flail             |    76 |   113 |   257 |   566 |   531 ||  1543
       Headbutt          |    10 |    21 |    43 |   103 |   132 ||   309
  Use: Scroll            |       |       |       |    25 |     5 ||    30
 Stab: Distracted        |       |       |     1 |     5 |     6 ||    12
Armor: Scale mail        |    57 |    38 |    80 |   173 |   190 ||   538
Dodge: Dodged            |    48 |    48 |   120 |   192 |   184 ||   592
Block: Buckler           |    24 |    24 |    67 |   142 |   146 ||   403

Table legend: (Time is in decaauts)
 A = Elapsed time spent in this place.
 B = Non-inter-level travel time spent in this place.
 C = Inter-level travel time spent in this place.
 D = Time resting spent in this place.
 E = Time spent auto-exploring this place.
 F = Levels seen in this place.
 G = Mean time per level.
                   A        B        C        D        E       F      G
               +--------+--------+--------+--------+--------+-----+--------+
         Total |  16091 |  15165 |    926 |      0 |  11909 |  19 |  846.9 |
       Dungeon |   9573 |   9028 |    545 |      0 |   7045 |  12 |  797.8 |
        Temple |    379 |    237 |    142 |      0 |    212 |   1 |  379.0 |
          Lair |   6138 |   5900 |    238 |      0 |   4652 |   6 | 1023.0 |
               +--------+--------+--------+--------+--------+-----+--------+

Top non-repeatable levels by time:
  Lair:4: 1275 daAuts
  Lair:3: 1167 daAuts
     D:2: 1092 daAuts
  Lair:1: 1090 daAuts
     D:5: 1049 daAuts
  Lair:6: 919 daAuts
  Lair:5: 908 daAuts
    D:10: 873 daAuts
     D:7: 860 daAuts
     D:8: 860 daAuts
    D:11: 829 daAuts
  Lair:2: 777 daAuts
     D:6: 736 daAuts
     D:1: 722 daAuts
     D:9: 721 daAuts
